AoeStats
← ckflawless

Arabia

507777348Analyzed
3v3 RM · 12d ago on Sep 19, 2026· 52m 4s· 6 players
Game mode
Random Map
Map size
Normal (6 player)
Population
200
Speed
Normal
Resources
Standard
Victory
Conquest
Starting age
Dark Age
Ending age
Imperial Age
RankedLock teamsTeams togetherTeam positionsShared explorationLock speedFull tech treeHidden civsTurbo modeCheats
Victory
Defeat
🇦🇷 Franks · Argentina
950
+13
🇦🇷 Poles · Argentina
947
+13
🇦🇷 Magyars · Argentina
927
+14
🇺🇸 Goths · United States
893
-13
🇲🇽 Lithuanians · Mexico
893
-14
🇧🇷 Poles · Brazil
863
-13
ckflawless
0:26 Loom
10:11 Feudal Age
11:07 Double-Bit Axe
12:51 Town Watch
12:48 Horse Collar
13:04 Gold Mining
13:23 Man-at-Arms
15:07 Wheelbarrow
21:10 Castle Age
19:55 Scale Mail Armor
21:11 Stone Mining
21:59 Forging
29:48 Iron Casting
29:28 Chain Mail Armor
29:32 Squires
33:39 Pikeman
35:16 Stone Shaft Mining
38:02 Bow Saw
38:17 Anarchy
39:40 Hand Cart
41:00 Heavy Plow
44:30 Heated Shot
45:03 Ballistics
47:17 Imperial Age
47:23 Imperial Age
45:56 Town Patrol
49:00 Halberdier
49:02 Elite Huskarl
50:03 Conscription
49:44 Perfusion
51:10 Chemistry
Mt Dangerous
10:21 Feudal Age
17:06 Castle Age
38:28 Horse Collar
40:54 Scale Barding Armor
41:20 Forging
41:45 Fletching
43:57 Double-Bit Axe
48:30 Imperial Age
46:38 Wheelbarrow
46:14 Bow Saw
48:12 Iron Casting
49:21 Murder Holes
49:47 Ballistics
Biscoitoso
1:07 Loom
12:06 Feudal Age
13:08 Horse Collar
21:53 Castle Age
20:36 Bloodlines
20:24 Stone Mining
20:30 Double-Bit Axe
22:03 Forging
21:59 Scale Barding Armor
21:55 Gold Mining
23:30 Husbandry
24:10 Stone Shaft Mining
24:05 Heavy Plow
26:11 Iron Casting
25:31 Fletching
27:20 Szlachta Privileges
27:09 Pikeman
29:51 Squires
31:52 Arson
33:10 Chain Barding Armor
32:55 Town Watch
41:45 Bodkin Arrow
42:58 Elite Skirmisher
44:24 Ballistics
43:45 Treadmill Crane
44:21 Crossbowman
47:47 Caravan
48:19 Murder Holes
51:10 Imperial Age
51:15 Cavalier
52:24 Conscription
LordRunion
8:27 Loom
10:13 Feudal Age
11:40 Double-Bit Axe
13:13 Horse Collar
21:09 Castle Age
19:38 Gold Mining
20:26 Wheelbarrow
21:18 Fletching
21:21 Crossbowman
22:40 Bow Saw
22:56 Bloodlines
22:47 Husbandry
23:31 Hand Cart
23:51 Bodkin Arrow
23:30 Pikeman
26:26 Town Watch
26:10 Light Cavalry
27:44 Scale Barding Armor
27:51 Forging
28:36 Heavy Plow
29:18 Town Patrol
29:54 Szlachta Privileges
31:50 Chain Barding Armor
33:07 Stone Mining
36:37 Stone Shaft Mining
36:48 Squires
37:42 Fervor
37:53 Sanctity
41:46 Imperial Age
41:56 Iron Casting
41:21 Scale Mail Armor
41:04 Man-at-Arms
41:31 Light Cavalry
43:36 Conscription
43:57 Lechitic Legacy
45:00 Crop Rotation
44:08 Winged Hussar
45:12 Bracer
46:15 Blast Furnace
46:48 Chain Mail Armor
46:18 Cavalier
51:57 Bracer
52:30 Plate Mail Armor
PaaaaatroN
0:28 Loom
10:36 Feudal Age
11:24 Double-Bit Axe
13:37 Wheelbarrow
19:25 Castle Age
19:22 Forging
19:17 Scale Barding Armor
20:55 Iron Casting
21:28 Husbandry
33:42 Imperial Age
35:18 Town Watch
42:21 Pikeman
50:52 Cavalier
VerGoTTA
11:22 Feudal Age
11:50 Double-Bit Axe
19:33 Castle Age
26:18 Horse Collar
28:16 Wheelbarrow
28:50 Heavy Plow
30:58 Bow Saw
35:16 Imperial Age
33:05 Hand Cart
33:08 Corvinian Army
33:16 Scale Mail Armor
33:23 Scale Barding Armor
34:03 Fletching
34:45 Thumb Ring
34:02 Elite Skirmisher
34:05 Crossbowman
35:31 Bloodlines
35:21 Husbandry
36:32 Conscription
38:54 Pikeman
39:20 Arson
44:37 Halberdier
45:34 Arbalester
46:12 Bodkin Arrow
47:32 Bracer
Connection lost

Rejoining the realm…

Still unreachable

The connection could not be restored.

Session expired

The server has moved on; the page needs a fresh start.